 Dungeon Sprint DCSS version 0.27.1-33-g824d729ab1 (webtiles) character file.

Game seed: 9663694482284411810

2953 manyhoops the Earth Mage (level 9, -12/45 HPs)
             Began as a Deep Elf Earth Elementalist on Nov 27, 2021.
             Was a Believer of Sif Muna.
             Shot with an arrow by a centaur warrior (17 damage)
             ... in the Dungeon (Sprint I: "Red Sonja").
             The game lasted 00:04:35 (1120 turns).

manyhoops the Earth Mage (DEEE)                     Turns: 1120, Time: 00:04:37

Health: -12/45     AC:  4    Str:  2    XL:     9   Next: 52%
Magic:  18/35      EV: 15    Int: 24    God:    Sif Muna [**....]
Gold:   139        SH:  0    Dex: 15    Spells: 21/31 levels left

rFire    . . .     SeeInvis .   (no weapon)
rCold    + + .     Faith    .   (no shield)
rNeg     . . .     Spirit   .   h - +0 troll leather armour
rPois    .         Reflect  .   (no helmet)
rElec    .         Harm     .   (no cloak)
rCorr    +         Rampage  .   (no gloves)
Will     .....     NoTele   +   (no boots)
Stlth    ++........             (no amulet)
HPRegen  1.15/turn              o - ring of the Genius {rC++ rCorr MP+9 Str-3}
MPRegen  0.24/turn              (no ring)

@: very slightly contaminated, invisible
A: no striking features
a: Renounce Religion, Channel Magic


You were in the Dungeon.
You worshipped Sif Muna.
Sif Muna was pleased with you.
You visited 1 branch You collected 818 gold pieces.
You spent 679 gold pieces at shops.

Inventory:

Missiles
 i - 50 stones
 k - 2 throwing nets
 m - 4 curare-tipped darts
Armour
 b - a +0 robe
 h - a +0 troll leather armour (worn)
Jewellery
 o - the ring of the Genius (left hand) {rC++ rCorr MP+9 Str-3}
   (You bought it in a shop in the Dungeon)

   [ring of magical power]

   Str:       It affects your strength (-3).
   rC:        It greatly protects you from cold.
   MP:        It affects your magic capacity (+9).
   rCorr:     It protects you from acid and corrosion.
Wands
 a - a wand of digging (6)
Potions
 c - 4 potions of curing
 d - a potion of heal wounds
 e - a potion of haste
 f - 2 potions of magic
 g - a potion of brilliance {unknown}
 j - a potion of degeneration {unknown}
 l - a potion of cancellation {unknown}


   Skills:
 + Level 12.6 Dodging
 - Level 2.4 Stealth
 - Level 11.8 Spellcasting
 - Level 4.5 Conjurations
 - Level 1.1 Transmutations
 - Level 17.3 Earth Magic


You had 21 spell levels left.
You knew the following spells:

 Your Spells              Type           Power      Damage    Failure   Level
a - Sandblast             Erth           100%       2d20      0%          1
b - Passwall              Tmut/Erth      45%        N/A       1%          2
c - Stone Arrow           Conj/Erth      100%       3d13      1%          3
d - Petrify               Tmut/Erth      55%        N/A       2%          4

Your spell library contained the following spells:

 Spells                   Type           Power      Damage    Failure   Level


Dungeon Overview and Level Annotations

Branches:
Dungeon (1/1)

Altars:
Cheibriados
Dithmenos
Elyvilon
Fedhas
Gozag
Hepliaklqana
Kikubaaqudgha
Makhleb
Nemelex Xobeh
Okawaru
Qazlal
Ru
Sif Muna
Trog
Uskayaw
Vehumet
Wu Jian
Xom
Yredelemnul
Zin
The Shining One
Jiyva
Lugonu

Shops:
D !=[


Message History

Aim: a centaur warrior, wielding a +0 longbow and quivering arrows (purple smoke, moderately wounded, 84% to hit)
The stone arrow misses the centaur warrior.
The centaur warrior shoots an arrow.
The arrow hits you.
A centaur warrior comes into view.
Casting: Stone Arrow (safe; 1% risk of failure)
Confirm with . or Enter, or press ? or * to list all spells.
Aiming: Stone Arrow (safe; 1% risk of failure)
Press: ? - help, Shift-Dir - straight line, f/p - centaur warrior
Aim: a centaur warrior, wielding a +0 longbow and quivering arrows (moderately wounded, 84% to hit)
The stone arrow misses the centaur warrior.
The centaur warrior shoots an arrow.
The arrow hits you!!
Unknown command.
Casting: Stone Arrow (safe; 1% risk of failure)
Confirm with . or Enter, or press ? or * to list all spells.
Aiming: Stone Arrow (safe; 1% risk of failure)
Press: ? - help, Shift-Dir - straight line, f/p - centaur warrior
Aim: a centaur warrior, wielding a +0 longbow and quivering arrows (purple smoke, moderately wounded, 84% to hit)
The stone arrow hits the centaur warrior!!
The centaur warrior is severely wounded.
The centaur warrior shoots an arrow.
The arrow closely misses you.
The centaur warrior shoots an arrow.
The arrow barely misses you.
Casting: Stone Arrow (safe; 1% risk of failure)
Confirm with . or Enter, or press ? or * to list all spells.
Aiming: Stone Arrow (safe; 1% risk of failure)
Press: ? - help, Shift-Dir - straight line, f/p - centaur warrior
Aim: a centaur warrior, wielding a +0 longbow and quivering arrows (purple smoke, severely wounded, 84% to hit)
The stone arrow hits the centaur warrior!!
You kill the centaur warrior!
Sif Muna accepts your kill.
The centaur warrior wields a +0 longbow.
The centaur warrior shoots an arrow.
The arrow hits you!!
* * * LOW HITPOINT WARNING * * *
Your Dodging skill gained 3 levels and is now at level 12!
Okay, then.
You aren't carrying any scrolls.
You fade into invisibility!
The centaur warrior shoots an arrow.
The arrow misses you.
You are very lightly contaminated with residual magic.
The centaur warrior shoots an arrow.
The arrow hits you!
You die...

##########################
#<.#..)..#..'..#__#..)...#
#..)..#..').#..'^.'..#...#
#..#####'#####'#__####...+
#..####..#...#(####§ ####
#..#__####..##)#§§§§c
#..#_____##'#§.c§≈§§§
#⌠⌠#_.∩...'..§§#
####_..__##_@#'#
#_____###)#.# ###
############.####+###(##
#∩........'...'.....'.∩#
###++++####...##########
###.### #.#'#.# #.....#
#.(...#


You could see a centaur warrior.

Vanquished Creatures
  A centaur warrior (D)
  Sonja (D)
  A deep troll (D)
  2 kobold demonologists (D)
  A slime creature (D)
  Sigmund (D)
  A yak (D)
  A floating eye (D)
  An ogre (D)
  A jelly (D)
  Ijyb (D)
  A ballistomycete spore (D)
13 creatures vanquished.

Vanquished Creatures (others)
  A gargoyle (D)
  A ballistomycete spore (D)
2 creatures vanquished.

Grand Total: 15 creatures vanquished

Notes
Turn   | Place    | Note
-------+----------+-------------------------------------------
     0 | D        | manyhoops the Deep Elf Earth Elementalist began the quest
                  | for the Orb.
     0 | D        | Reached XP level 1. HP: 10/10 MP: 6/6
     1 | D        | Noticed Ijyb
     7 | D        | Killed Ijyb
     8 | D        | Reached XP level 2. HP: 15/15 MP: 4/13
    57 | D        | Noticed an ogre
    61 | D        | Killed an ogre
    62 | D        | Reached XP level 3. HP: 12/19 MP: 10/18
    62 | D        | Reached XP level 4. HP: 15/24 MP: 10/19
   127 | D        | Killed a gargoyle
   172 | D        | Learned a level 2 spell: Passwall
   176 | D        | Learned a level 3 spell: Stone Arrow
   186 | D        | Noticed Sigmund
   188 | D        | Killed Sigmund
   189 | D        | Reached skill level 9 in Earth Magic
   189 | D        | Reached XP level 5. HP: 28/28 MP: 16/21
   228 | D        | Found an ornate altar of the Wu Jian Council.
   228 | D        | Found a shimmering blue altar of Sif Muna.
   230 | D        | Found a radiant altar of Vehumet.
   232 | D        | Reached skill level 10 in Earth Magic
   232 | D        | Reached XP level 6. HP: 32/32 MP: 18/22
   236 | D        | Found Alaz's Jewellery Emporium.
   236 | D        | Found an ancient bone altar of Kikubaaqudgha.
   236 | D        | Found a hazy altar of Hepliaklqana.
   236 | D        | Found a stormy altar of Qazlal.
   236 | D        | Found a hide-covered altar of Uskayaw.
   236 | D        | Found a blossoming altar of Fedhas.
   236 | D        | Found a bloodstained altar of Trog.
   236 | D        | Found an iron altar of Okawaru.
   236 | D        | Found a basalt altar of Yredelemnul.
   236 | D        | Found a glowing golden altar of the Shining One.
   236 | D        | Found a snail-covered altar of Cheibriados.
   236 | D        | Found a sacrificial altar of Ru.
   236 | D        | Found a glowing silver altar of Zin.
   236 | D        | Found a shadowy altar of Dithmenos.
   236 | D        | Found a white marble altar of Elyvilon.
   236 | D        | Noticed a yak
   240 | D        | Killed a yak
   241 | D        | Reached skill level 1 in Conjurations
   241 | D        | Reached skill level 12 in Earth Magic
   241 | D        | Found an opulent altar of Gozag.
   242 | D        | Found a sparkling altar of Nemelex Xobeh.
   328 | D        | Became a worshipper of Sif Muna the Loreminder
   373 | D        | Found a burning altar of Makhleb.
   373 | D        | Found a viscous altar of Jiyva.
   373 | D        | Found a shimmering altar of Xom.
   373 | D        | Found a corrupted altar of Lugonu.
   373 | D        | Noticed a slime creature
   376 | D        | Killed a slime creature
   377 | D        | Reached skill level 13 in Earth Magic
   377 | D        | Reached XP level 7. HP: 36/36 MP: 14/24
   435 | D        | Noticed Sonja
   437 | D        | Killed Sonja
   438 | D        | Reached skill level 15 in Earth Magic
   438 | D        | Reached XP level 8. HP: 41/41 MP: 18/25
   450 | D        | Found Xouwed's Distillery.
   458 | D        | Bought a potion of invisibility for 112 gold pieces
   458 | D        | Bought a potion of curing for 42 gold pieces
   474 | D        | Noticed a deep troll
   482 | D        | Killed a deep troll
   482 | D        | Reached * piety under Sif Muna
   483 | D        | Reached skill level 17 in Earth Magic
   806 | D        | Found Ceighyh's Armour Emporium.
   829 | D        | Bought the ring of the Genius {rC++ rCorr MP+9 Str-3} for
                  | 525 gold pieces
   874 | D        | Learned a level 4 spell: Petrify
   892 | D        | Noticed a kobold demonologist
   894 | D        | Noticed a kobold demonologist
   897 | D        | Killed a kobold demonologist
   899 | D        | Reached XP level 9. HP: 45/45 MP: 17/26
   900 | D        | Killed a kobold demonologist
   900 | D        | Reached ** piety under Sif Muna
  1111 | D        | Noticed a centaur warrior
  1115 | D        | Noticed a centaur warrior
  1118 | D        | Killed a centaur warrior
  1120 | D        | Shot with an arrow by a centaur warrior

Illustrated notes

Levels and vault maps discovered:
D:        dungeon_sprint_1 [red_sonja_temple_1, red_sonja_temple_small_1]

Skill      XL: |  1  2  3  4  5  6  7  8  9 |
---------------+----------------------------+-----
Spellcasting   | 8 11 | 11.8
Earth Magic    | 9 10 13 15 17 | 17.3
Conjurations   | 2 3 4 |  4.5
Dodging        | 7 12 | 12.6
Stealth        | |  2.4
Transmutations | |  1.1

Action                   |  1- 3 |  4- 6 |  7- 9 || total
-------------------------+-------+-------+-------++-------
Melee: Unarmed           |     3 |       |     1 ||     4
 Cast: Sandblast         |     6 |     1 |       ||     7
       Stone Arrow       |       |     9 |    22 ||    31
       Petrify           |       |       |     1 ||     1
  Use: Potion            |     1 |       |     1 ||     2
       Scroll            |       |       |     1 ||     1
Dodge: Dodged            |     2 |     2 |     6 ||    10
